 Dungeon Crawl Stone Soup version 0.30-a0-161-gdd60e06945 (webtiles) character file.

Game seed: 2246496559977052462

94 qw the Chopper (level 4, -4/28 HPs)
             Began as a Gargoyle Fighter on Sept 27, 2022.
             Slain by an orc
             ... wielding a +1 flail of distortion
              (13 damage)
             ... on level 3 of the Dungeon.
             The game lasted 00:00:47 (2461 turns).

qw the Chopper (Gargoyle Fighter)                   Turns: 2461, Time: 00:00:47

Health: -4/28      AC: 10    Str: 21    XL:     4   Next: 63%
Magic:  4/4        EV:  9    Int:  9    God:
Gold:   186        SH:  4    Dex:  9    Spells: 3/3 levels left

rFire   . . .      SeeInvis .    Y - +1 war axe
rCold   . . .      Faith    .    c - +0 buckler
rNeg    + . .      Spirit   .    b - +0 scale mail
rPois   inf        Reflect  .    (no helmet)
rElec   +          Harm     .    (no cloak)
rCorr   .          Rampage  .    (no gloves)
Will    .....                    (no boots)
Stlth   ..........               (no amulet)
HPRegen 0.09/turn                (no ring)
MPRegen 0.09/turn                (no ring)

@: no status effects
A: sickness immunity, AC +3, negative energy resistance 1, electricity
resistance, torment resistance 1, petrification resistance
a: no special abilities


You were on level 3 of the Dungeon.
You visited 1 branch of the dungeon, and saw 3 of its levels.

You collected 186 gold pieces.


Innate Abilities, Weirdness & Mutations

You are immune to sickness and miasma.
Your stone body is resilient. (AC +3)
You are immune to poison.
You resist negative energy. (rN+)
You are resistant to electric shocks. (rElec)
You are resistant to unholy torment.
You are immune to petrification.


   Skills:
 - Level 3.2 Fighting
 + Level 4.3 Axes
 - Level 3.2 Armour
 - Level 3.2 Shields


You had 3 spell levels left.
You didn't know any spells.
Your spell library was empty.

Inventory:

Hand Weapons
 f - a +0 flail
 Y - a +1 war axe (weapon)
Armour
 b - a +0 scale mail (worn)
 c - a +0 buckler (worn)
Scrolls
 a - 2 scrolls of teleportation
 g - a scroll of poison {unknown}
 k - a scroll of identify
Potions
 d - a potion of might
 e - 3 potions of mutation
 h - a potion of heal wounds
 i - 2 potions of curing
 l - a potion of ambrosia {unknown}

Dungeon Overview and Level Annotations

Branches:
Dungeon (3/15)

Altars:
Sif Muna


Message History

The frilled lizard hisses angrily.
The orc shouts!
You closely miss the frilled lizard. The frilled lizard barely misses you.
The frilled lizard closely misses you.
You closely miss the frilled lizard. The frilled lizard bites you.
You barely miss the frilled lizard. You block the frilled lizard's attack.
You slash the frilled lizard!
You kill the frilled lizard!
You barely miss the orc. The orc hits you with a +0 club.
The orc hits you but does no damage.
You hit the orc.
The orc is almost dead.
The orc hits you but does no damage.
You hit the orc.
You kill the orc!
You start resting.
HP restored.
Things that are here:
a +0 club; a +0 leather armour An orc comes into view.
It is wielding a +1 flail of distortion.
The orc shouts!
A rat comes into view.
2454 ||| Stepping ~*~*~tactically~*~*~ (stealth).
You hit the orc but do no damage. The orc closely misses you.
You block the orc's attack.
2458 ||| Stepping ~*~*~tactically~*~*~ (stealth).
The orc attacks as you move away! The orc barely misses you.
You hit the orc.
The orc is severely wounded.
The orc hits you with a +1 flail of distortion.
Space warps horribly around you!
You barely miss the orc.
The orc is severely wounded.
The orc barely misses you.
You barely miss the orc.
The orc is severely wounded.
The orc hits you with a +1 flail of distortion!
Space warps horribly around you!
You die...

#####. ^..... ####.#
#.#######
........### ## #
#.r...r...#
.####.#.##.#####o#.#
......... ####@# #
.......>. #....#
.#####.## #.#### .#
#.# #.# .# #.# #.#
.# #.# #.# .# #.#
#.# .# #.######)# .#
#.#......#


You could see an orc and a rat (wandering).

Vanquished Creatures
  4 adders
  2 dart slugs
  2 orcs (D:3)
  4 endoplasms
  2 giant cockroaches (D:3)
  6 goblins
  5 hobgoblins
  3 quokkas
  8 ball pythons
  3 bats
  4 frilled lizards
  6 kobolds
  3 rats
52 creatures vanquished.

Notes
Turn   | Place    | Note
-------+----------+-------------------------------------------
     0 | D:1      | qw the Gargoyle Fighter began the quest for the Orb.
     0 | D:1      | Reached XP level 1. HP: 14/14 MP: 1/1
     0 | D:1      | 0 ||| qw: Version: 0.2-a-10-g37ed214
     0 | D:1      | 0 ||| qw: Game counter: 623
     0 | D:1      | 0 ||| qw: Always use a shield: true
     0 | D:1      | 0 ||| qw: God list: Okawaru
     0 | D:1      | 0 ||| qw: Allow faded altars: false
     0 | D:1      | 0 ||| qw: Do Orc after D:15 true
     0 | D:1      | 0 ||| qw: Do second Lair branch before Depths: true
     0 | D:1      | 0 ||| qw: Lair rune preference: random
     0 | D:1      | 0 ||| qw: Plans: Normal, Zot:1-4, God:TSO, Crypt, Tomb,
                  | Pan, Slime:5, Hells, Abyss, Orb
     0 | D:1      | 0 ||| PLANNING D:1-11
    71 | D:1      | Reached skill level 2 in Axes
    78 | D:1      | 78 ||| Stepping ~*~*~tactically~*~*~ (stealth).
   310 | D:1      | Reached XP level 2. HP: 19/19 MP: 2/2
   499 | D:1      | Found a faded altar of an unknown god.
  1001 | D:1      | 1001 ||| READING 3 scrolls labelled BAIWIH UROYKIERGH.
  1006 | D:1      | 1006 ||| READING 3 scrolls labelled SIUSASIHAG.
  1007 | D:1      | 1007 ||| READING scroll labelled QOGGITOXTU.
  1008 | D:1      | 1008 ||| READING 4 scrolls labelled XOBRILL OKYAPH.
  1009 | D:1      | 1009 ||| READING scroll labelled FYDAN POWKAYRPH.
  1010 | D:1      | 1010 ||| READING scroll labelled BOPNIDGH ADEA.
  1011 | D:1      | 1011 ||| DRINKING 3 blue potions.
  1012 | D:1      | 1012 ||| READING 3 scrolls of identify.
  1012 | D:1      | 1012 ||| IDENTIFYING murky puce potion
  1013 | D:1      | 1013 ||| DROPPING 2 scrolls of immolation.
  1049 | D:2      | Reached skill level 3 in Axes
  1049 | D:2      | Reached XP level 3. HP: 20/23 MP: 3/3
  1051 | D:2      | 1051 ||| FLEEEEING.
  1052 | D:2      | 1052 ||| STAIRDANCE
  1539 | D:2      | Reached XP level 4. HP: 25/28 MP: 4/4
  2036 | D:2      | 2036 ||| READING scroll labelled NALAIV OFRO.
  2037 | D:2      | 2037 ||| DRINKING 2 cyan potions.
  2038 | D:2      | 2038 ||| READING 2 scrolls of identify.
  2038 | D:2      | 2038 ||| IDENTIFYING fizzy red potion
  2039 | D:2      | 2039 ||| DROPPING potion of brilliance.
  2092 | D:3      | 2092 ||| DROPPING +0 club.
  2099 | D:3      | Reached skill level 4 in Axes
  2259 | D:3      | Found a shimmering blue altar of Sif Muna.
  2454 | D:3      | 2454 ||| Stepping ~*~*~tactically~*~*~ (stealth).
  2458 | D:3      | 2458 ||| Stepping ~*~*~tactically~*~*~ (stealth).
  2461 | D:3      | Slain by an orc

Levels and vault maps discovered:
D:1:      ncdulo_lavacross, layout_basic, ebering_ecumenical_altar_rust,
          minmay_close_crescents
D:2:      layout_loops_corners
D:3:      layout_loops_ring, nicolae_sif_muna_condensation, zin_academy,
          kennysheep_generic_room_5

Skill      XL: |  1  2  3  4 |
---------------+-------------+-----
Axes           | 2 3 4 |  4.3
Fighting       | |  3.2
Armour         | |  3.2
Shields        | |  3.2

Action                   |  1- 3 |  4- 6 || total
-------------------------+-------+-------++-------
Melee: War axe           |    92 |    55 ||   147
  Use: Scroll            |     7 |     2 ||     9
       Potion            |     1 |     1 ||     2
Armor: Scale mail        |    44 |    20 ||    64
Dodge: Dodged            |    56 |    18 ||    74
Block: Buckler           |    14 |    11 ||    25

Table legend:
 A = Non-vault XP
 B = Vault XP
 C = Vault XP percentage of total XP
 D = Non-vault monster count
 E = Vault monster count
 F = Vault count percentage of total count
                 A         B        C        D         E       F
            +---------+---------+-------+---------+---------+-------
      Total |     118 |      17 |  12.6 |      44 |       8 |  15.4
            +---------+---------+-------+---------+---------+-------
        D:1 |      16 |      11 |  40.7 |      11 |       6 |  35.3
        D:2 |      71 |       0 |   0.0 |      22 |       0 |   0.0
        D:3 |      31 |       6 |  16.2 |      11 |       2 |  15.4
            +---------+---------+-------+---------+---------+-------
